 Dungeon Crawl Stone Soup version 0.27-a0-1196-g3e9cee4cb2 (webtiles) character file.

Game seed: 10292109800022208870

1277 Froggeryz the Cleaver (level 8, 0/68 HPs)
             Began as a Deep Dwarf Fighter on May 28, 2021.
             Slain by a kobold brigand
             ... wielding a +0 dagger of electrocution
              (19 damage)
             ... on level 6 of the Dungeon.
             The game lasted 00:06:33 (3194 turns).

Froggeryz the Cleaver (Deep Dwarf Fighter)          Turns: 3194, Time: 00:06:33

Health: 0/68       AC: 10    Str: 23    XL:     8   Next: 29%
Magic:  5/5        EV:  8    Int:  8    God:
Gold:   84         SH: 11    Dex: 12    Spells: 7/7 levels left

rFire    . . .     SeeInvis .   a - +0 war axe
rCold    . . .     Faith    .   c - +0 kite shield
rNeg     . . .     Spirit   .   b - +0 scale mail
rPois    .         Reflect  .   i - +1 helmet
rElec    .         Harm     .   (no cloak)
rCorr    .         Rampage  .   f - +0 pair of gloves
Will     +....                  (no boots)
Stlth    ..........             (no amulet)
HPRegen  0.00/turn              (no ring)
MPRegen  0.09/turn              (no ring)

@: no status effects
A: damage resistance, heal wounds, sense surroundings 1, no regeneration
a: Heal Wounds


You were on level 6 of the Dungeon.
You visited 1 branch of the dungeon, and saw 6 of its levels.

You collected 277 gold pieces.
You spent 193 gold pieces at shops.

Inventory:

Hand Weapons
 a - a +0 war axe (weapon)
Missiles
 h - 6 boomerangs
 m - 17 poisoned darts (quivered)
Armour
 b - a +0 scale mail (worn)
 c - a +0 kite shield (worn)
 f - a +0 pair of gloves (worn)
 i - a +1 helmet (worn)
Wands
 r - a wand of mindburst (10)
Scrolls
 e - a scroll of amnesia {unknown}
 k - 8 scrolls of identify {unknown}
 o - a scroll of enchant weapon {unknown}
 p - a scroll of holy word {unknown}
 q - a scroll of fog {unknown}
 v - a scroll of teleportation
 w - a scroll of torment {unknown}
Potions
 d - 2 potions of might
 g - 2 potions of flight
 j - a potion of curing
 l - 2 potions of degeneration {unknown}
 n - 2 potions of heal wounds
 s - a potion of lignification {unknown}
 t - a potion of mutation
 u - a potion of resistance {unknown}


   Skills:
 - Level 2.6 Fighting
 * Level 9.2 Axes
 - Level 3.2 Armour
 + Level 7.1 Shields


You had 7 spell levels left.
You didn't know any spells.
Your spell library contained the following spells:

 Spells                   Type           Power      Damage    Failure   Level
 Animate Skeleton         Necr           0%         N/A       96%         1
 Apportation              Tloc           0%         N/A       96%         1
 Corona                   Hex            0%         N/A       96%         1
 Summon Small Mammal      Summ           0%         N/A       96%         1
 Poisonous Vapours        Pois/Air       0%         N/A       99%         2
 Conjure Flame            Conj/Fire      0%         6-21      100%        3
 Mephitic Cloud           Conj/Pois/Air  0%         N/A       100%        3
 Freezing Cloud           Conj/Ice/Air   0%         6-21      100%        6


Dungeon Overview and Level Annotations

Branches:
Dungeon (6/15)
 Temple: D:4-7

Altars:
Xom
Zin

Shops:
D:2 [   D:4 !

Annotations:
D:6 3 runed translucent doors, Gilette's ghost, novice HOFi


Innate Abilities, Weirdness & Mutations

You are resistant to damage.
You can heal yourself by infusing magical energy.
You passively map a small area around you.
You do not regenerate.


Message History

The bullfrog skeleton is moderately damaged.
You block the bullfrog skeleton's attack.
You barely miss the bullfrog skeleton.
The bullfrog skeleton is moderately damaged.
You block the bullfrog skeleton's attack.
The bullfrog skeleton hits you but does no damage.
You slash the bullfrog skeleton!
The bullfrog skeleton is almost destroyed.
You block the bullfrog skeleton's attack.
You slash the bullfrog skeleton!
You destroy the bullfrog skeleton!
You pick up a book of Clouds and begin reading...
You add the spells Poisonous Vapours, Mephitic Cloud, Conjure Flame and Freezing Cloud to your library.
You now have 84 gold pieces (gained 10).
A kobold comes into view. It is wielding a +0 club.
The kobold shouts!
You hear a shout!
A kobold is nearby!
A kobold is nearby!
A kobold brigand comes into view.
It is wielding a +0 dagger of electrocution and quivering poisoned darts.
The kobold brigand shouts!
A kobold comes into view. It is wielding a +0 short sword.
The kobold shouts!
The kobold completely misses you.
A kobold comes into view. It is wielding a +0 club.
You hit the kobold.
The kobold is heavily wounded.
You closely miss the kobold brigand. You hit the kobold brigand.
The kobold brigand is lightly wounded.
The kobold brigand hits you but does no damage.
You miss the kobold brigand.
The kobold brigand is lightly wounded.
The kobold brigand hits you but does no damage. x2
You are electrocuted!
* * * LOW HITPOINT WARNING * * *
You closely miss the kobold brigand.
The kobold brigand is lightly wounded.
The kobold brigand hits you but does no damage.
You are electrocuted!!
You die...

#.. , , * #.##.# * * *
#.##.# , #.##.# , #.##.#
##.##.# * * * *##...#.# ,
, * #......########..#*
#, #.##......#..@KKKK..#
#.# #...........######..#
#... ####......#.......
..#. ..........#.######
.... .#####.##.#.##.. ,
##.#*##^# , #.##.#.##.#*
, ..# ....
#.##.#.##.#######..#.....
#..................#.....
*
####.####.#.######.^..._.


You could see a kobold brigand and 3 kobolds.

Vanquished Creatures
  Eustachio (D:4)
  A black bear (D:5)
  Duvessa (D:4)
  A sky beast (D:3)
  An ogre (D:5)
  A necrophage (D:4)
  A scorpion (D:5)
  Dowan (D:4)
  A centaur zombie (D:5)
  2 orc priests
  2 hounds (D:5)
  A bullfrog skeleton (D:6)
  Ijyb (D:4)
  4 iguanas
  An orc wizard (D:5)
  Robin (D:2)
  3 gnolls (D:5)
  8 adders
  A white imp (D:5)
  2 worms
  5 dart slugs
  4 orcs
  3 bats
  8 endoplasms
  5 giant cockroaches
  14 goblins
  9 hobgoblins
  3 jackals (D:4)
  4 quokkas
  12 ball pythons
  4 frilled lizards
  6 kobolds
  4 rats
116 creatures vanquished.

Vanquished Creatures (others)
  A withered plant (D:1)
1 creature vanquished.

Grand Total: 117 creatures vanquished

Notes
Turn   | Place    | Note
-------+----------+-------------------------------------------
     0 | D:1      | Froggeryz the Deep Dwarf Fighter began the quest for the
                  | Orb.
     0 | D:1      | Reached XP level 1. HP: 20/20 MP: 1/1
    55 | D:1      | Reached XP level 2. HP: 24/27 MP: 2/2
    62 | D:1      | Found a faded altar of an unknown god.
    91 | D:1      | Reached skill level 3 in Axes
   345 | D:1      | Reached XP level 3. HP: 26/33 MP: 3/3
   636 | D:2      | Reached skill level 4 in Axes
   674 | D:2      | Reached XP level 4. HP: 21/40 MP: 4/4
   705 | D:2      | Noticed Robin
   836 | D:2      | Killed Robin
   988 | D:2      | Found Qures's Armour Shoppe.
   999 | D:2      | Bought a +0 pair of gloves for 63 gold pieces
  1607 | D:3      | Reached XP level 5. HP: 22/46 MP: 4/4
  1655 | D:3      | Noticed a sky beast
  1823 | D:3      | Reached skill level 5 in Axes
  2017 | D:3      | Killed a sky beast
  2080 | D:4      | Reached skill level 5 in Shields
  2080 | D:4      | Reached XP level 6. HP: 38/55 MP: 5/5
  2111 | D:4      | Noticed Eustachio
  2175 | D:4      | Reached skill level 6 in Axes
  2291 | D:4      | Noticed Dowan
  2298 | D:4      | Killed Dowan
  2310 | D:4      | Noticed Duvessa
  2357 | D:4      | Killed Duvessa
  2427 | D:4      | Noticed Ijyb
  2432 | D:4      | Killed Ijyb
  2513 | D:4      | Found Ahybba's Distillery.
  2518 | D:4      | Bought a potion of heal wounds for 50 gold pieces
  2518 | D:4      | Bought a potion of mutation for 80 gold pieces
  2554 | D:4      | Killed Eustachio
  2555 | D:4      | Reached skill level 7 in Axes
  2555 | D:4      | Reached XP level 7. HP: 21/61 MP: 6/6
  2631 | D:5      | Entered Level 5 of the Dungeon
  2685 | D:5      | Reached skill level 8 in Axes
  2813 | D:5      | Reached XP level 8. HP: 50/68 MP: 5/5
  2833 | D:5      | Reached skill level 9 in Axes
  2843 | D:5      | Found a shimmering altar of Xom.
  3041 | D:6      | Found a glowing silver altar of Zin.
  3049 | D:6      | Found a runed translucent gate.
  3050 | D:6      | Found a runed translucent gate.
  3051 | D:6      | Found a runed translucent gate.
  3054 | D:6      | Noticed Gilette's ghost (novice HOFi)
  3194 | D:6      | Slain by a kobold brigand

Illustrated notes

Levels and vault maps discovered:
D:1:      dpeg_arrival_round_c, layout_rooms, ebering_ecumenical_altar_petrified
D:2:      layout_rooms, serial_shops, nicolae_shop_statue_plus, serial_rivers,
          chequers_serial_rivers_micro_c, chequers_serial_rivers_small_3,
          chequers_serial_rivers_micro_a, chequers_serial_rivers_large_b,
          chequers_serial_rivers_room_a, chequers_serial_rivers_micro_c,
          uniq_robin
D:3:      layout_loops_ring, minmay_misc_feat_rugged
D:4:      layout_rooms, serial_shops, kennysheep_little_box, uniq_ijyb,
          uniq_duvessa, uniq_eustachio
D:5:      layout_rooms, overflow_temple_1_default
D:6:      layout_loops_ring, lemuel_tele_altar, nicolae_uskayaw_dance_hall,
          gammafunk_ghost_necromancy, uniq_menkaure, uniq_sigmund, uniq_pikel

Skill      XL: |  1  2  3  4  5  6  7  8 |
---------------+-------------------------+-----
Axes           | 3 4 5 7 8 9 |  9.2
Shields        | 4 5 6 7 |  7.1
Fighting       | |  2.6
Armour         | |  3.2

Action                   |  1- 3 |  4- 6 |  7- 9 || total
-------------------------+-------+-------+-------++-------
Melee: War axe           |   101 |   167 |   100 ||   368
Throw: Boomerang         |     9 |     2 |       ||    11
       Dart              |       |    27 |       ||    27
 Abil: Heal Wounds       |       |     6 |     3 ||     9
  Use: Scroll            |       |     1 |       ||     1
       Potion            |       |     2 |       ||     2
Armor: Scale mail        |    51 |    95 |    48 ||   194
Dodge: Dodged            |    42 |    63 |    28 ||   133
Block: Kite shield       |    52 |   108 |    58 ||   218

Table legend: (Time is in decaauts)
 A = Elapsed time spent in this place.
 B = Non-inter-level travel time spent in this place.
 C = Inter-level travel time spent in this place.
 D = Time resting spent in this place.
 E = Time spent auto-exploring this place.
 F = Levels seen in this place.
 G = Mean time per level.
                   A        B        C        D        E       F      G
               +--------+--------+--------+--------+--------+-----+--------+
         Total |   3415 |   3330 |     85 |     98 |   2118 |   6 |  569.2 |
       Dungeon |   3415 |   3330 |     85 |     98 |   2118 |   6 |  569.2 |
               +--------+--------+--------+--------+--------+-----+--------+

Top non-repeatable levels by time:
     D:3: 836 daAuts
     D:2: 826 daAuts
     D:4: 583 daAuts
     D:1: 581 daAuts
     D:5: 423 daAuts
     D:6: 163 daAuts
